 Dungeon Crawl Stone Soup version 0.26.1-11-gd32895ea62 (webtiles) character file.

Game seed: 17982643048712217819

1378 Almogavar the Slasher (level 8, -12/61 HPs)
             Began as a Demonspawn Gladiator on July 14, 2021.
             Was an Initiate of Okawaru.
             Mangled by a troll (13 damage)
             ... on level 6 of the Dungeon.
             The game lasted 00:14:33 (7003 turns).

Almogavar the Slasher (Demonspawn Gladiator)        Turns: 7003, Time: 00:14:33

Health: -12/61     AC:  7    Str: 17    XL:     8   Next: 39%
Magic:  0/8        EV: 14    Int: 10    God:    Okawaru [......]
Gold:   339        SH:  0    Dex: 14    Spells: 7/7 levels left

rFire    . . .     SeeInvis .   m - +1 long sword (vorpal)
rCold    . . .     Faith    .   (no shield)
rNeg     . . .     Spirit   +   b - +0 leather armour
rPois    .         Reflect  .   c - +0 helmet
rElec    .         Harm     .   (no cloak)
rCorr    .         Rampage  .   (no gloves)
Will     .....                  (no boots)
Stlth    ++........             (no amulet)
HPRegen  0.20/turn              (no ring)
MPRegen  0.22/turn              (no ring)

@: no status effects
A: hooves 1, slimy green scales 2, magic shield, magic regeneration
a: Renounce Religion


You were on level 6 of the Dungeon.
You worshipped Okawaru.
Okawaru was noncommittal.
You visited 2 branches of the dungeon, and saw 7 of its levels.
You also visited: Ossuary.

You collected 339 gold pieces.

Inventory:

Hand Weapons
 k - a +2 hunting sling of flaming
 m - a +1 vorpal long sword (weapon)
Missiles
 d - 5 throwing nets
 e - an atropa-tipped dart
 i - 7 poisoned darts (quivered)
 x - 8 boomerangs
 y - 118 stones
 E - 32 sling bullets
Armour
 b - a +0 leather armour (worn)
 c - a +0 helmet (worn)
 F - a +0 ring mail
Wands
 t - a wand of disintegration (16)
Scrolls
 h - 4 scrolls of amnesia
 j - 2 scrolls of fog
 q - 5 scrolls of teleportation {unknown}
 r - 4 scrolls of enchant weapon {unknown}
 w - 3 scrolls of fear {unknown}
 B - a scroll of brand weapon {unknown}
 D - 2 scrolls of remove curse
Potions
 f - 3 potions of haste
 g - 3 potions of cancellation
 l - a potion of resistance
 p - 3 potions of might {unknown}
 s - 4 potions of curing
 u - 2 potions of flight {unknown}
 v - 2 potions of berserk rage {unknown}
 z - a potion of magic {unknown}
 A - a potion of brilliance {unknown}
 C - a potion of mutation {unknown}


   Skills:
 + Level 4.4 Fighting
 + Level 7.1 Long Blades
 + Level 2.2 Throwing
 + Level 2.7 Armour
 + Level 4.6 Dodging
 + Level 2.3 Stealth


You had 7 spell levels left.
You didn't know any spells.
Your spell library was empty.

Dungeon Overview and Level Annotations

Branches:
Dungeon (6/15)             Temple (1/1) D:6         Ossuary (visited)

Altars:
Ashenzari
Cheibriados
Dithmenos
Elyvilon
Fedhas
Gozag
Hepliaklqana
Kikubaaqudgha
Makhleb
Nemelex Xobeh
Okawaru
Ru
Sif Muna
Trog
Uskayaw
Vehumet
Wu Jian
Xom
Yredelemnul
Zin
The Shining One


Innate Abilities, Weirdness & Mutations

You have large cloven feet.
You are mostly covered in slimy green scales. (AC +3)
When hurt, damage is shared between your health and your magic reserves.
You regenerate magic rapidly.


Message History

The troll is heavily wounded.
The troll bites you! The troll claws you but does no damage.
The troll barely misses you.
You are too injured to fight recklessly!
You barely miss the troll. You kick the troll.
The troll is heavily wounded.
The troll bites you!
* * * LOW HITPOINT WARNING * * *
The troll claws you but does no damage. The troll claws you.
* * * LOW HITPOINT WARNING * * *
The troll looks more healthy.
You slash the troll!
The troll is almost dead.
The troll bites you but does no damage. The troll claws you!
* * * LOW HITPOINT WARNING * * *
The troll barely misses you. The troll completely misses you.
The troll claws you!
* * * LOW HITPOINT WARNING * * *
The troll claws you!
You die...

###### #(#
....... ###$#
...###. ....
##.# .(# # ...#
#.##.##.# ...#
#.......# ...#
#.##.#### .#.#
#. #T##.####
...#
....###@......#
.#
........##.##.#
.###
....###.##.##.#
.... <.
#.##.##.# ##.#
#.##.##.# #.#
#.......# ##.#
####.#### ...#
##.# #..# #..#


You could see a troll.

Vanquished Creatures
  A water moccasin (D:6)
  An orc warrior (D:5)
  A sky beast (D:5)
  A phantom (D:6)
  An ogre (D:4)
  2 bullfrogs
  2 water moccasin zombies (Ossuary)
  2 bullfrog zombies
  A centaur skeleton (D:5)
  2 hounds
  An orc priest (D:4)
  2 orc wizards
  A bullfrog skeleton (D:5)
  A worker ant (D:5)
  3 big kobold zombies (Ossuary)
  3 mummies
  10 gnolls
  6 adders
  2 ufetubi (D:5)
  2 adder skeletons
  6 adder zombies (Ossuary)
  5 worms
  A dart slug (D:3)
  2 leopard geckos
  9 orcs
  2 ball pythons
  8 bats
  5 giant cockroaches
  8 goblins
  10 hobgoblins
  2 jackals (D:4)
  8 frilled lizards
  2 gnoll zombies (Ossuary)
  A goblin zombie (D:5)
  5 hobgoblin zombies (Ossuary)
  A jackal skeleton (D:5)
  9 kobolds
  5 kobold zombies (Ossuary)
  A leopard gecko zombie (D:5)
  7 orc zombies
  10 rats
152 creatures vanquished.

Notes
Turn   | Place    | Note
-------+----------+-------------------------------------------
     0 | D:1      | Almogavar the Demonspawn Gladiator began the quest for the
                  | Orb.
     0 | D:1      | Reached XP level 1. HP: 16/16 MP: 1/1
   310 | D:1      | Gained mutation: You have large cloven feet. [demonic
                  | ancestry]
   310 | D:1      | Reached XP level 2. HP: 22/22 MP: 2/2
   576 | D:1      | Reached skill level 3 in Long Blades
  1050 | D:2      | Gained mutation: When hurt, damage is shared between your
                  | health and your magic reserves. [demonic ancestry]
  1050 | D:2      | Reached XP level 3. HP: 28/28 MP: 3/3
  1373 | D:2      | Gained mutation: You regenerate magic rapidly. [demonic
                  | ancestry]
  1373 | D:2      | Reached XP level 4. HP: 13/34 MP: 1/4
  2329 | D:3      | Reached skill level 4 in Long Blades
  2655 | D:3      | Reached skill level 1 in Armour
  2927 | D:3      | Gained mutation: You are partially covered in slimy green
                  | scales. (AC +2) [demonic ancestry]
  2927 | D:3      | Reached XP level 5. HP: 36/39 MP: 3/5
  3422 | D:4      | Noticed an ogre
  3429 | D:4      | Killed an ogre
  3430 | D:4      | Reached skill level 1 in Stealth
  3806 | D:4      | Gained mutation: You are mostly covered in slimy green
                  | scales. (AC +3) [demonic ancestry]
  3806 | D:4      | Reached XP level 6. HP: 41/46 MP: 6/6
  3920 | D:4      | Reached skill level 5 in Long Blades
  4341 | D:5      | Entered Level 5 of the Dungeon
  4383 | D:5      | Found a sand-covered staircase.
  4391 | Ossuary  | Entered an ossuary
  4867 | Ossuary  | Reached XP level 7. HP: 42/52 MP: 7/7
  5196 | D:5      | Reached skill level 6 in Long Blades
  6317 | D:5      | HP: 2/54 [orc warrior/+1 vorpal long sword (1)]
  6322 | D:5      | Reached XP level 8. HP: 19/60 MP: 1/8
  6628 | D:6      | Reached skill level 7 in Long Blades
  6672 | D:6      | Found a staircase to the Ecumenical Temple.
  6682 | Temple   | Entered the Ecumenical Temple
  6723 | Temple   | Became a worshipper of Warmaster Okawaru
  6989 | D:6      | Noticed a troll
  7003 | D:6      | HP: 1/61 [troll (9)]
  7003 | D:6      | Mangled by a troll

Illustrated notes

Levels and vault maps discovered:
D:1:      sevenhm_arrival_forest_fort_small_3, layout_basic, solitary_fountain
D:2:      layout_basic, hex_tiny
D:3:      layout_basic, grunt_ministairs_7
D:4:      layout_rooms
D:5:      layout_gridville, nicolae_ossuary_entry_giza
D:6:      layout_loops_cross, minmay_temple_entry_trees
Temple:   nicolae_temple_the_god_donut

Skill      XL: |  1  2  3  4  5  6  7  8 |
---------------+-------------------------+-----
Long Blades    | 3 4 5 6 7 |  7.1
Dodging        | 3 4 |  4.6
Throwing       | 2 |  2.2
Armour         | 1 2 |  2.7
Stealth        | 1 2 |  2.3
Fighting       | 3 4 |  4.4

Action                   |  1- 3 |  4- 6 |  7- 9 || total
-------------------------+-------+-------+-------++-------
Melee: Long sword        |    73 |   194 |   164 ||   431
       Kick              |    24 |    63 |    66 ||   153
Throw: Dart              |     3 |     9 |    11 ||    23
       Throwing net      |     1 |       |       ||     1
  Use: Scroll            |       |     8 |     4 ||    12
       Potion            |       |       |     2 ||     2
 Stab: Sleeping          |       |     1 |     4 ||     5
Armor: Leather armour    |    21 |    30 |    55 ||   106
       Robe              |       |    13 |       ||    13
Dodge: Dodged            |    50 |   122 |    88 ||   260
       Rpst.: Long sword |    14 |    51 |    31 ||    96
